 Dungeon Crawl Stone Soup version 0.23-a0-480-g1869896531 (webtiles) character file.

340 LostNumber the Caller (level 6, -9/46 HPs)
             Began as a Mummy Summoner on Nov 29, 2018.
             Was a Follower of Ru.
             Shot with an arrow by a centaur (11 damage)
             ... on level 7 of the Dungeon.
             The game lasted 00:11:20 (6636 turns).

LostNumber the Caller (Mummy Summoner)              Turns: 6636, Time: 00:11:20

Health: -9/46      AC:  5    Str: 11    XL:     6   Next: 30%
Magic:  11/21      EV: 12    Int: 16    God:    Ru [*.....]
Gold:   320        SH:  0    Dex: 13    Spells: 3/13 levels left

rFire    . . .     SeeInvis .   l - +0 trident
rCold    + . .     Gourm    .   (no shield)
rNeg     + + +     Faith    .   k - +0 ring mail {rF+}
rPois    ∞         Spirit   .   (no helmet)
rElec    .         Reflect  .   (no cloak)
rCorr    .         Harm     .   (no gloves)
MR       .....                  (no boots)
Stlth    +.........             (no amulet)
HPRegen  0.15/turn              i - +2 ring of evasion
MPRegen  0.17/turn              m - ring of magical power

@: about to teleport, very slightly contaminated
A: no food or potions, fire vulnerability, cold resistance 1, negative energy
resistance 3, torment resistance, unbreathing, no conjurations magic, no earth
magic, no hexes magic
a: Renounce Religion


You were on level 7 of the Dungeon.
You worshipped Ru.
Ru was aware of your devotion.
You were not hungry.

You visited 2 branches of the dungeon, and saw 8 of its levels.

You collected 320 gold pieces.

Inventory:

Hand Weapons
 e - a +0 mace
 h - a +0 spear
 l - a +0 trident (weapon)
Armour
 a - a +0 robe
 k - a +0 ring mail of fire resistance (worn)
Jewellery
 i - a +2 ring of evasion (left hand)
 j - an uncursed ring of stealth
 m - a ring of magical power (right hand)
Scrolls
 b - 3 scrolls of identify
 c - 3 scrolls of enchant armour
 d - a scroll of enchant weapon
 f - 6 scrolls of remove curse
 g - a scroll of teleportation


   Skills:
 + Level 2.7 Fighting
 - Level 1.5 Dodging
 - Level 1.5 Stealth
 + Level 4.4 Spellcasting
 * Level 4.9 Summonings
 * Level 1.5 Ice Magic


You had 3 spell levels left.
You knew the following spells:

 Your Spells              Type           Power        Failure   Level  Hunger
a - Summon Small Mammal   Summ           ###.         5%          1    N/A
b - Call Imp              Summ           ###.....     8%          2    N/A
c - Call Canine Familiar  Summ           ###.....     16%         3    N/A
d - Summon Ice Beast      Ice/Summ       ##......     71%         4    N/A

Your spell library contained the following spells:

 Spells                   Type           Power        Failure   Level  Hunger
 Sticks to Snakes         Tmut           #.......     52%         2    N/A
 Summon Lightning Spire   Summ/Air       ##......     82%         4    N/A
 Alistair's Intoxication  Tmut/Pois      #.......     100%        5    N/A
 Summon Guardian Golem    Hex/Summ       Unusable     N/A         3    N/A
 Ice Form                 Ice/Tmut       Unusable     N/A         4    N/A

Dungeon Overview and Level Annotations

Branches:
Dungeon (7/15)             Temple (1/1) D:6

Altars:
Cheibriados
Dithmenos
Elyvilon
Fedhas
Gozag
Hepliaklqana
Kikubaaqudgha
Nemelex Xobeh
Okawaru
Ru
Sif Muna
Trog
Wu Jian
Xom
Zin
The Shining One

Shops:
D:4 [


Innate Abilities, Weirdness & Mutations

You do not eat or drink.
Your flesh is vulnerable to fire.
You are immune to poison.
Your flesh is cold resistant. (rC+)
You are immune to negative energy. (rN+++)
You are immune to unholy pain and torment.
You can survive without breathing.
You cannot study or cast Conjurations magic.
You cannot study or cast Earth magic.
You cannot study or cast Hexes magic.


Message History

Unknown command.
As you read the scroll of teleportation, it crumbles to dust.
You feel strangely unstable. The centaur misses you.
Casting: Call Canine Familiar (safe; 16% risk of failure)
Confirm with . or Enter, or press ? or * to list all spells.
The centaur closely misses you.
The centaur hits you with a cursed +0 shortbow.
* * * LOW HITPOINT WARNING * * *
Unknown command.
You swap places.
The centaur is stunned by your will and fails to attack.
The centaur hits your hound with a cursed +0 shortbow.
Your hound bites the centaur.
You see here 2 arrows.
Unknown command.
The centaur shoots an arrow.
The arrow completely misses your hound. The arrow misses you.
Your hound barely misses the centaur.
The centaur shoots an arrow.
The arrow closely misses your hound. The arrow hits you!
You die...

#.# #c# #.# #(# # #.#
# #.# ########### #(#
##...#....##########o#
.÷..()..........@(hco#
##...#....##########.#
##...#....# ###
##...#....#
##...#....#
##...#....#
.#...###### .#...# !#


You could see an orc warrior, a centaur, an orc and a friendly hound.

Vanquished Creatures
  A centaur zombie (D:5)
  A hound (D:7)
  A bullfrog skeleton (D:5)
  Robin (D:2)
  A worker ant zombie (D:5)
  2 adders
  An ooze (D:1)
  A worm (D:4)
  A dart slug (D:4)
  4 orcs
  5 bats (D:1)
  2 giant cockroaches
  6 goblins
  5 hobgoblins
  A jackal (D:6)
  3 ball pythons
  6 frilled lizards
  10 kobolds
  7 rats
59 creatures vanquished.

Vanquished Creatures (collateral kills)
  A bullfrog (D:6)
  A bullfrog zombie (D:5)
  2 orc wizards (D:6)
  An orc priest (D:4)
  A worker ant (D:7)
  4 gnolls (D:4)
  2 adders
  2 adder zombies
  2 worms (D:2)
  A dart slug (D:1)
  6 orcs
  2 giant cockroaches
  2 hobgoblins
  3 jackals (D:6)
  A kobold (D:1)
  A quokka (D:6)
  A bat (D:3)
  A frilled lizard (D:2)
  7 goblins
41 creatures vanquished.

Grand Total: 100 creatures vanquished

Notes
Turn   | Place    | Note
-------+----------+-------------------------------------------
     0 | D:1      | LostNumber the Mummy Summoner began the quest for the Orb.
     0 | D:1      | Reached XP level 1. HP: 13/13 MP: 4/4
   620 | D:1      | Reached XP level 2. HP: 12/20 MP: 5/5
   745 | D:1      | Learned a level 2 spell: Call Imp
   944 | D:1      | Reached skill level 1 in Fighting
  1454 | D:2      | Reached XP level 3. HP: 14/26 MP: 0/7
  1673 | D:2      | Noticed Robin
  2126 | D:2      | Killed Robin
  2547 | D:2      | Found a sparkling altar of Nemelex Xobeh.
  2597 | D:3      | Found a sacrificial altar of Ru.
  2605 | D:3      | Became a worshipper of Ru the Awakened
  2651 | D:3      | Learned a level 3 spell: Call Canine Familiar
  2917 | D:3      | Reached XP level 4. HP: 33/33 MP: 4/9
  2923 | D:3      | Learned a level 4 spell: Summon Ice Beast
  2933 | D:3      | Found a white marble altar of Elyvilon.
  3901 | D:4      | Found Resanots's Armour Shoppe.
  4151 | D:4      | Gained mutation: You cannot study or cast Earth magic. [Ru
                  | sacrifice]
  4151 | D:4      | Gained mutation: You cannot study or cast Hexes magic. [Ru
                  | sacrifice]
  4151 | D:4      | Gained mutation: You cannot study or cast Conjurations
                  | magic. [Ru sacrifice]
  4151 | D:4      | Reached * piety under Ru
  4389 | D:5      | Entered Level 5 of the Dungeon
  4579 | D:5      | Reached XP level 5. HP: 24/38 MP: 10/10
  5199 | D:5      | Noticed an orc warrior
  5498 | D:6      | Found a staircase to the Ecumenical Temple.
  5508 | D:6      | Reached skill level 1 in Ice Magic
  5789 | Temple   | Entered the Ecumenical Temple
  6031 | D:6      | Reached XP level 6. HP: 41/46 MP: 8/12
  6074 | D:6      | Identified the Reference Book on Transformation
  6612 | D:7      | Noticed an orc warrior
  6634 | D:7      | HP: 2/46 [centaur/cursed +0 shortbow (5)]
  6636 | D:7      | Shot with an arrow by a centaur

Vault maps used:
D:1:      dpeg_arrival_water_temple_mockup, chequers_mini_garden
D:2:      nemelex_spade_bored_becter, uniq_robin
D:3:      elyvilon_altar_5, nicolae_ru_sacrificial_ziggurat
D:4:      first_ration, serial_shops, kennysheep_mini_moat,
          serial_co_window_serial, co_window_corner_a, co_window_paths_b,
          co_window_corner_a, co_window_paths_a, co_window_corner_a,
          co_window_2corner, co_window_broadway_a, co_window_corner_b,
          glass_columns_a, glass_columns_a, glass_columns_c, glass_columns_b
D:5:      serial_undead, serial_undead_c, serial_undead_b, serial_undead_c,
          serial_undead_a, serial_undead_b, serial_undead_b, serial_undead_a,
          serial_undead_c, serial_undead_e, serial_undead_a, minivault_26,
          nemelex_lonely_heart_becter
D:6:      minmay_temple_entry_statues_pillars
D:7:      chequers_temple_overflow_statue_of_worship, the_bakery,
          uniq_crazy_yiuf_cottage, uniq_duvessa
Temple:   regret_index_temple_generic_petals

Skill      XL: |  1  2  3  4  5 |
---------------+----------------+-----
Spellcasting   | 3 4 |  4.4
Fighting       | 1 2 |  2.7
Summonings     | 4 |  4.9
Ice Magic      | 1 |  1.5
Dodging        | |  1.5
Stealth        | |  1.5

Action                   |  1- 3 |  4- 6 || total
-------------------------+-------+-------++-------
Melee: Mace              |    88 |       ||    88
       Unarmed           |     5 |       ||     5
       Spear             |    34 |   107 ||   141
       Trident           |       |    54 ||    54
 Cast: Summon Small Mamm |     4 |       ||     4
       Call Imp          |    12 |     9 ||    21
       Call Canine Famil |     1 |    17 ||    18
Invok: Sacrifice Arcana  |       |     1 ||     1
  Use: Scroll            |       |     5 ||     5
 Stab: Sleeping          |     5 |     2 ||     7
       Distracted        |       |     1 ||     1
Armor: Robe              |    28 |     2 ||    30
       Ring mail         |       |    38 ||    38
Dodge: Dodged            |    97 |   111 ||   208

Table legend:
 A = Non-vault XP
 B = Vault XP
 C = Vault XP percentage of total XP
 D = Non-vault monster count
 E = Vault monster count
 F = Vault count percentage of total count
                 A         B        C        D         E       F
            +---------+---------+-------+---------+---------+-------
      Total |     368 |     118 |  24.3 |      86 |      14 |  14.0
            +---------+---------+-------+---------+---------+-------
        D:1 |      36 |       8 |  18.2 |      21 |       4 |  16.0
        D:2 |      22 |      12 |  35.3 |      15 |       5 |  25.0
        D:3 |      36 |       0 |   0.0 |      18 |       0 |   0.0
        D:4 |      83 |       0 |   0.0 |      13 |       0 |   0.0
        D:5 |      12 |      98 |  89.1 |       4 |       5 |  55.6
        D:6 |     132 |       0 |   0.0 |      12 |       0 |   0.0
        D:7 |      47 |       0 |   0.0 |       3 |       0 |   0.0
            +---------+---------+-------+---------+---------+-------
